 Dungeon Crawl Stone Soup version 0.27-a0-906-g0a00ce863d (webtiles) character file.

Game seed: 4477629288392782134

8 Alarkh the Insei (level 2, 7/22 HPs)
             Began as a Demonspawn Gladiator on Apr 6, 2021.
             Got out of the dungeon alive.
             The game lasted 00:00:11 (85 turns).

Alarkh the Insei (Demonspawn Gladiator)               Turns: 85, Time: 00:00:12

Health: 7/22       AC:  4    Str: 14    XL:     2   Next: 0%
Magic:  2/2        EV: 12    Int:  9    God:
Gold:   0          SH:  0    Dex: 14    Spells: 1/1 levels left

rFire    . . .     SeeInvis .     - Unarmed
rCold    . . .     Faith    .   (no shield)
rNeg     . . .     Spirit   .   a - +0 leather armour
rPois    .         Reflect  .   b - +0 helmet
rElec    .         Harm     .   (no cloak)
rCorr    .         Rampage  .   (no gloves)
Will     .....                  (no boots)
Stlth    +.........             (no amulet)
HPRegen  0.07/turn              (no ring)
MPRegen  0.08/turn              (no ring)

@: no status effects
A: talons 1
a: no special abilities


You escaped.
You visited 1 branch of the dungeon, and saw 1 of its levels.

Inventory:

Missiles
 c - 3 throwing nets (quivered)
Armour
 a - a +0 leather armour (worn)
 b - a +0 helmet (worn)


   Skills:
 + Level 2.2 Fighting
 - Level 1.7 Throwing
 - Level 2.6 Dodging
 * Level 3.1 Unarmed Combat


You had one spell level left.
You didn't know any spells.
Your spell library was empty.

Dungeon Overview and Level Annotations

Branches:
Dungeon (1/15)

Altars:


Innate Abilities, Weirdness & Mutations

You have sharp toenails.


Message History

You barely miss the goblin. The goblin hits you with a +0 club.
You hit the goblin.
The goblin is severely wounded.
The goblin hits you but does no damage.
The frilled lizard hisses angrily.
You hit the goblin.
You kill the goblin!
You hit the frilled lizard but do no damage.
The frilled lizard barely misses you.
You hit the frilled lizard.
You kill the frilled lizard!
You hit the ball python but do no damage.
The ball python bites you but does no damage.
The ball python closely misses you.
You hit the ball python but do no damage.
The ball python misses you. The ball python barely misses you.
The ball python bites you. The ball python grabs you.
The ball python constricts you.
You barely miss the ball python.
The ball python bites you but does no damage.
The ball python constricts you.
You completely miss the ball python. The ball python closely misses you.
The ball python constricts you.
You hit the ball python.
You kill the ball python!
You barely miss the frilled lizard.
The frilled lizard bites you but does no damage.
You barely miss the frilled lizard.
The frilled lizard bites you but does no damage.
You miss the frilled lizard. The frilled lizard bites you.
* * * LOW HITPOINT WARNING * * *
You hit the frilled lizard.
You kill the frilled lizard!
You have reached level 2!
Your demonic ancestry asserts itself...
Your toenails lengthen and sharpen.
Items here: ) †††.
There is a staircase leading out of the dungeon here.
Are you sure you want to leave the Dungeon?
This will make you lose the game!
You have escaped!

##.............######
?.....>...##.........##
#.........#..#.....#..######
.............##...##........
.........l...###.###....####
..........###.#####.###.#
...........###)###.## .#
.........S..###...## #
.......†.....##.@.#
......).(...###...#
..?........###.###.#
...l......###.# #.#
#............# #..
............. ...
.............# .##
............... .
..........##...


There were no monsters in sight!

Vanquished Creatures
  2 bats (D:1)
  A giant cockroach (D:1)
  2 ball pythons (D:1)
  3 frilled lizards (D:1)
  A goblin (D:1)
  A kobold (D:1)
10 creatures vanquished.

Notes
Turn   | Place    | Note
-------+----------+-------------------------------------------
     0 | D:1      | Alarkh the Demonspawn Gladiator began the quest for the
                  | Orb.
     0 | D:1      | Reached XP level 1. HP: 16/16 MP: 1/1
    66 | D:1      | Reached skill level 3 in Unarmed Combat
    81 | D:1      | Gained mutation: You have sharp toenails. [demonic
                  | ancestry]
    81 | D:1      | Reached XP level 2. HP: 6/22 MP: 2/2
    85 | D:$      | Got out of the dungeon alive.

Illustrated notes

Levels and vault maps discovered:
D:1:      roderic_crossed_star, layout_rooms, chequers_garden,
          chequers_serial_rivers_large_b, minmay_lizard_pond

Skill      XL: |  1 |
---------------+----+-----
Unarmed Combat | 3 |  3.1
Fighting       | |  2.2
Throwing       | |  1.7
Dodging        | |  2.6

Action                   || total
-------------------------++-------
Melee: Unarmed           ||    47
Armor: Leather armour    ||    30
Dodge: Dodged            ||    50

Table legend: (Time is in decaauts)
 A = Elapsed time spent in this place.
 B = Non-inter-level travel time spent in this place.
 C = Inter-level travel time spent in this place.
 D = Time resting spent in this place.
 E = Time spent auto-exploring this place.
 F = Levels seen in this place.
 G = Mean time per level.
                   A        B        C        D        E       F      G
               +--------+--------+--------+--------+--------+-----+--------+
         Total |     82 |     82 |      0 |      0 |     15 |   1 |   82.0 |
       Dungeon |     82 |     82 |      0 |      0 |     15 |   1 |   82.0 |
               +--------+--------+--------+--------+--------+-----+--------+

Top non-repeatable levels by time:
     D:1: 82 daAuts
